 Dungeon Crawl Stone Soup version 0.20.0-15-g7f486f2 (webtiles) character file.

180 miragecloak the Cudgeler (level 5, 0/41 HPs)
             Began as a Formicid Abyssal Knight on June 26, 2017.
             Was a Believer of Lugonu.
             Succumbed to an adder's poison
             ... on level 3 of the Dungeon.
             The game lasted 00:03:59 (3352 turns).

miragecloak the Cudgeler (Formicid Abyssal Knight)  Turns: 3352, Time: 00:04:00

Health: 0/41       AC:  3    Str: 16    XL:     5   Next: 91%
Magic:  6/6        EV: 11    Int: 12    God:    Lugonu [**....]
Gold:   124        SH:  0    Dex: 11    Spells: 4/4 levels left

rFire    . . .     SeeInvis +   a - +1 mace
rCold    . . .     Gourm    .   (no shield)
rNeg     . . .     Faith    .   b - +0 leather armour
rPois    .         Spirit   .   (helmet unavailable)
rElec    .         Reflect  .   (no cloak)
rCorr    .         Harm     .   (no gloves)
MR       .....                  (no boots)
Stlth    +.........             (no amulet)
Regen    0.2/turn               (no ring)
MPRegen  0.1/turn               (no ring)

@: lethally poisoned (0 -> -2), flying
A: permanent stasis, dig shafts and tunnels, four strong arms, antennae 3
a: Dig, Shaft Self, Depart the Abyss, Bend Space, Renounce Religion


You were on level 3 of the Dungeon.
You worshipped Lugonu.
Lugonu was pleased with you.
You were not hungry.

You visited 1 branch of the dungeon, and saw 3 of its levels.
You visited the Abyss 1 time.

You collected 124 gold pieces.

Inventory:

Hand Weapons
 a - a +1 mace (weapon)
Armour
 b - a +0 leather armour (worn)
 m - a cursed -1 ring mail
Jewellery
 e - a +4 amulet of reflection {unknown}
 k - an uncursed amulet of rage {unknown}
Wands
 n - a wand of confusion (8/48)
 o - a wand of random effects (11/48)
Scrolls
 d - 2 scrolls of identify {unknown}
 g - a scroll of fog {unknown}
 i - 3 scrolls of remove curse {unknown}
 j - a scroll of fear {unknown}
 l - a scroll of amnesia {unknown}
 q - a scroll of blinking {unknown}
Books
 t - a book of Cantrips

   Spells                             Type                      Level
   a - Confusing Touch                Hexes                        1
   b - Animate Skeleton               Necromancy                   1
   c - Summon Small Mammal            Summoning                    1
   d - Apportation                    Translocation                1
Comestibles
 c - a bread ration
 f - 4 fruits
 h - a royal jelly
 p - a meat ration


   Skills:
 - Level 3.2 Fighting
 + Level 5.6 Maces & Flails
 - Level 2.1 Armour
 - Level 0.8 Dodging
 - Level 2.1 Invocations


You had 4 spell levels left.
You didn't know any spells.

Dungeon Overview and Level Annotations

Branches:
Dungeon (3/15)

Altars:
Qazlal


Innate Abilities, Weirdness & Mutations

You cannot be hasted, slowed, berserked, paralysed or teleported.
You can dig through walls and to a lower floor.
Your four strong arms can wield two-handed weapons with a shield.
You have a pair of large antennae on your head. (SInv)


Message History

You feel sick.
Things that are here:
an adder corpse x2
There is a lethal amount of poison in your body!
* * * LOW HITPOINT WARNING * * *
You feel sick.
* * * LOW HITPOINT WARNING * * *
You feel sick.
* * * LOW HITPOINT WARNING * * *
You feel sick.
There is a lethal amount of poison in your body!
* * * LOW HITPOINT WARNING * * *
You feel sick.
There is a lethal amount of poison in your body!
There is a lethal amount of poison in your body!
* * * LOW HITPOINT WARNING * * *
You feel sick.
There is a lethal amount of poison in your body!
There is a lethal amount of poison in your body!
You die...

######## #......######
#...........# #..#######.#
##########..#≈≈≈≈≈#.#
........@...'≈≈.≈≈#.####
###########.#≈≈≈≈≈#....#
#.#######....# #.......$...(#
##### ##### ##...........# ....#
#...# ##..........# ....# #...#
#..........# ....#
#...######............
....########...........####.#####


There were no monsters in sight!

Vanquished Creatures
  2 orc wizards (D:3)
  5 adders
  3 dart slugs
  3 leopard geckos
  An orc (D:2)
  5 bats
  7 giant cockroaches
  10 goblins
  6 hobgoblins
  7 jackals
  2 quokkas (D:2)
  3 frilled lizards
  5 kobolds
  12 rats
71 creatures vanquished.

Vanquished Creatures (others)
  The ghost of Overlord the Digger, a weakling GrEE (D:3)
  A goblin (D:3)
2 creatures vanquished.

Grand Total: 73 creatures vanquished

Notes
Turn   | Place    | Note
-------+----------+-------------------------------------------
     0 | Abyss:1  | miragecloak the Formicid Abyssal Knight began the quest for the Orb.
     0 | Abyss:1  | Reached XP level 1. HP: 18/18 MP: 2/2
     0 | Abyss:1  | Found a corrupted altar of Lugonu.
    30 | Abyss:1  | Noticed a starcursed mass
    31 | D:1      | Escaped the Abyss
   422 | D:1      | Reached XP level 2. HP: 23/24 MP: 3/3
   467 | D:1      | Reached * piety under Lugonu
   691 | D:1      | Reached skill level 3 in Maces & Flails
   882 | D:1      | Reached XP level 3. HP: 29/29 MP: 4/4
  1219 | D:2      | Reached skill level 4 in Maces & Flails
  1219 | D:2      | Reached XP level 4. HP: 23/35 MP: 5/5
  1636 | D:2      | Reached ** piety under Lugonu
  2183 | D:3      | Killed Overlord's ghost
  2227 | D:3      | Reached XP level 5. HP: 24/41 MP: 6/6
  2633 | D:3      | Reached skill level 5 in Maces & Flails
  2969 | D:3      | Found a stormy altar of Qazlal.
  3344 | D:3      | HP: 2/41 [poisoned by an adder]
  3349 | D:3      | HP: 1/41 [poisoned by an adder]
  3352 | D:3      | Succumbed to an adder's poison

Skill      XL: |  1  2  3  4  5 |
---------------+----------------+-----
Maces & Flails | 3 4 5 |  5.6
Fighting       | |  3.2
Armour         | |  2.1
Dodging        | |  0.8
Invocations    | |  2.1

Action                   |  1- 3 |  4- 6 || total
-------------------------+-------+-------++-------
Melee: Mace              |   101 |   164 ||   265
Invok: Depart the Abyss  |     1 |       ||     1
  Use: Potion            |       |     2 ||     2
 Stab: Sleeping          |     1 |       ||     1
  Eat: Chunk             |     1 |     7 ||     8
Armor: Leather armour    |    42 |    46 ||    88
Dodge: Dodged            |    58 |   136 ||   194
